 Dungeon Crawl Stone Soup version 0.22.0-49-gab54619674 (webtiles) character file.

5439 Freyura the Thaumaturge (level 10, -4/58 HPs)
             Began as a Deep Elf Conjurer on Sept 7, 2018.
             Was a Follower of Ashenzari.
             Slain by a troll (12 damage)
             ... on level 10 of the Dungeon.
             The game lasted 00:49:48 (9803 turns).

Freyura the Thaumaturge (Deep Elf Conjurer)         Turns: 9803, Time: 00:49:48

Health: -4/58      AC:  2    Str:  5    XL:     10   Next: 41%
Magic:  32/35      EV: 16    Int: 28    God:    Ashenzari [*.....]
Gold:   567        SH:  0    Dex: 15    Spells: 20/30 levels left

rFire    . . .     SeeInvis .   q - +7 rapier "Kaer Lir" {elec, Int+4} (curse)
rCold    . . .     Gourm    .   (no shield)
rNeg     . . .     Faith    .   (no armour)
rPois    .         Spirit   .   (no helmet)
rElec    .         Reflect  .   (no cloak)
rCorr    .         Harm     .   m - +1 pair of gloves (curse)
MR       ++...                  (no boots)
Stlth    +++.......             (no amulet)
HPRegen  0.19/turn              y - ring of magical power (curse)
MPRegen  0.24/turn              w - ring of protection from magic (curse)

@: lethally poisoned (-4 -> -4)
A: no striking features
a: Curse Item, Scrying, Renounce Religion


You were on level 10 of the Dungeon.
You worshipped Ashenzari.
Ashenzari was aware of your devotion.
You were not hungry.

You visited 2 branches of the dungeon, and saw 11 of its levels.

You collected 667 gold pieces.
You spent 100 gold pieces at shops.

Inventory:

Hand Weapons
 q - the cursed +7 rapier "Kaer Lir" (weapon) {elec, Int+4}
   (You found it on level 4 of the Dungeon)

   Occasionally, upon striking a foe, it will discharge some electrical energy
   and cause terrible harm.
   It affects your intelligence (+4).
   It has a curse placed upon it.
Missiles
 d - 75 poisoned needles
Armour
 a - a +1 robe
 m - a cursed +1 pair of gloves (worn)
 z - a cursed +1 robe of magic resistance
Magical Staves
 A - an uncursed staff of fire
Jewellery
 h - an uncursed ring of positive energy
 k - an uncursed ring of positive energy
 w - a cursed ring of protection from magic (right hand)
 y - a cursed ring of magical power (left hand)
Wands
 l - a wand of digging (17)
 v - a wand of flame (23)
 E - a wand of polymorph (19)
Scrolls
 i - 4 scrolls of remove curse
 p - a scroll of teleportation
 x - a scroll of blinking
 C - a scroll of magic mapping
 F - a scroll of fog
 G - a scroll of amnesia
Potions
 b - a potion of ambrosia
 e - 3 potions of curing
 f - 2 potions of haste
 g - a potion of flight {unknown}
 j - 2 potions of cancellation
 n - 2 potions of invisibility
 o - a potion of mutation {unknown}
 r - 2 potions of magic
 s - a potion of agility {unknown}
 t - a potion of heal wounds
 u - a potion of brilliance
 B - a potion of might {unknown}
Comestibles
 c - 11 rations


   Skills:
 + Level 4.4 Fighting
 + Level 4.6 Short Blades
 + Level 6.9 Dodging
 + Level 6.6 Stealth
 * Level 10.5 Spellcasting
 * Level 9.7 Conjurations
 + Level 3.5 Earth Magic


You had 20 spell levels left.
You knew the following spells:

 Your Spells              Type           Power        Failure   Level  Hunger
a - Magic Dart            Conj           ####         1%          1    None
b - Searing Ray           Conj           ######       1%          2    None
c - Iskenderun's Mystic   Conj           ######..     1%          4    None
d - Stone Arrow           Conj/Erth      ######       1%          3    None

Your spell library contained the following spells:

 Spells                   Type           Power        Failure   Level  Hunger
 Sandblast                Erth           ####..       1%          1    None
 Dazzling Spray           Conj/Hex       #####.       1%          3    None
 Passwall                 Tmut/Erth      ###.....     2%          2    None
 Force Lance              Conj/Tloc      #####...     4%          4    None
 Fulminant Prism          Conj/Hex       #####.....   4%          4    None
 Petrify                  Tmut/Erth      ###.....     19%         4    None
 Lee's Rapid Deconstruct  Erth           ####......   26%         5    ###....


Dungeon Overview and Level Annotations

Branches:
Dungeon (10/15)            Temple (1/1) D:7             Orc (0/2) D:9
   Lair: D:8-11

Altars:
Ashenzari
Cheibriados
Dithmenos
Elyvilon
Fedhas
Gozag
Hepliaklqana
Kikubaaqudgha
Makhleb
Nemelex Xobeh
Okawaru
Qazlal
Ru
Sif Muna
Trog
Uskayaw
Vehumet
Wu Jian
Xom
Yredelemnul
Zin
The Shining One
Lugonu

Shops:
D:4 !


Message History

The searing ray hits the killer bee.
The killer bee is moderately wounded.
The killer bee barely misses you. The killer bee stings you.
You are poisoned.
The killer bee poisons you!
The searing ray hits the killer bee.
You kill the killer bee!
The searing ray hits the killer bee.
You kill the killer bee!
You finish channeling your searing ray.
You feel sick.
You feel sick. The troll bites you! The troll misses you. The troll claws you!
The troll misses you. The troll completely misses you. The troll claws you.
* * * LOW HITPOINT WARNING * * *
A wolf comes into view.
The troll closely misses you. The troll misses you.
The troll completely misses you.
You feel sick. The troll bites you!
* * * LOW HITPOINT WARNING * * *
The troll misses you. The troll claws you!
You die...

<#.#.#####.#.# ##.#.....(.#.#
...#......##.# #####.###.##.#
..........##.# #####.######.#
. #..........## . #
#.#.........###############...
#.#######.....@T...h.......)..
# #.#.##########........ #.#.#
#........ #.#.# #....≈...
#.#.# #...≈≈.≈. #.#.#
#.≈≈≈≈T≈. .>... ...≈≈≈≈≈. ###.
#..≈≈≈≈≈$ #...≈≈≈≈.


You could see a troll and a wolf (wandering).

Vanquished Creatures
  Erica (D:8)
  2 hippogriffs (D:8)
  2 hungry ghosts
  A warg (D:9)
  3 phantoms
  3 orc warriors
  4 ice beasts
  2 sky beasts (D:5)
  9 ogres
  2 centaurs (D:6)
  3 bullfrogs
  A wyvern skeleton (D:9)
  2 scorpions
  2 killer bees (D:10)
  5 howler monkeys
  A bullfrog zombie (D:6)
  4 crimson imps
  A bullfrog skeleton (D:5)
  3 hounds
  4 jellies
  4 orc priests
  2 centaur skeletons
  7 orc wizards
  8 worker ants
  A hound zombie (D:6)
  3 worker ant zombies
  A howler monkey zombie (D:6)
  4 gnolls (D:5)
  11 adders
  8 river rats (D:5)
  A shadow imp (D:8)
  An ooze (D:3)
  An adder skeleton (D:5)
  2 adder zombies
  5 worms
  2 dart slugs
  7 leopard geckos
  24 orcs
  2 ball pythons (D:3)
  3 giant cockroaches
  6 goblins
  7 hobgoblins
  5 jackals
  11 kobolds
  9 quokkas
  3 bats
  3 frilled lizards
  A leopard gecko skeleton (D:7)
  A leopard gecko zombie (D:8)
  A quokka skeleton (D:9)
  A quokka zombie (D:6)
  26 rats
226 creatures vanquished.

Notes
Turn   | Place    | Note
-------+----------+-------------------------------------------
     0 | D:1      | Freyura the Deep Elf Conjurer began the quest for the Orb.
     0 | D:1      | Reached XP level 1. HP: 10/10 MP: 6/6
   163 | D:1      | Reached XP level 2. HP: 15/15 MP: 5/8
  1162 | D:2      | Reached XP level 3. HP: 20/20 MP: 7/10
  1248 | D:2      | Learned a level 2 spell: Searing Ray
  1650 | D:3      | Found a bloodstained altar of Trog.
  1809 | D:3      | Reached skill level 4 in Spellcasting
  1822 | D:3      | Reached skill level 5 in Conjurations
  1889 | D:3      | Reached skill level 1 in Fighting
  1889 | D:3      | Reached XP level 4. HP: 25/25 MP: 2/12
  2588 | D:4      | Noticed an ogre
  2596 | D:4      | Killed an ogre
  2596 | D:4      | Reached skill level 5 in Spellcasting
  2596 | D:4      | Reached XP level 5. HP: 29/29 MP: 5/14
  2623 | D:4      | Noticed an ogre
  2631 | D:4      | Killed an ogre
  2631 | D:4      | Reached XP level 6. HP: 20/35 MP: 2/16
  2885 | D:4      | Got an ancient rapier
  2886 | D:4      | Identified the +7 rapier "Kaer Lir" {elec, Int+4} (You
                  | found it on level 4 of the Dungeon)
  3001 | D:4      | Found Daga Bowasee's Distillery.
  3016 | D:4      | Bought a potion of degeneration for 10 gold pieces
  3016 | D:4      | Bought a potion of heal wounds for 50 gold pieces
  3016 | D:4      | Bought a potion of brilliance for 40 gold pieces
  3076 | D:4      | Found a stormy altar of Qazlal.
  3212 | D:4      | Found a sparkling altar of Nemelex Xobeh.
  3213 | D:4      | Found an opulent altar of Gozag.
  3213 | D:4      | Found a snail-covered altar of Cheibriados.
  3213 | D:4      | Found a shimmering altar of Xom.
  3214 | D:4      | Found a sacrificial altar of Ru.
  3214 | D:4      | Found a shadowy altar of Dithmenos.
  3221 | D:4      | Found a blossoming altar of Fedhas.
  3278 | D:4      | Reached skill level 1 in Short Blades
  3278 | D:4      | Reached skill level 6 in Spellcasting
  3324 | D:4      | Found a shattered altar of Ashenzari.
  3330 | D:4      | Became a worshipper of Ashenzari the Shackled
  3416 | D:4      | Learned a level 4 spell: Iskenderun's Mystic Blast
  3417 | D:5      | Entered Level 5 of the Dungeon
  3432 | D:5      | Reached XP level 7. HP: 40/40 MP: 5/18
  4067 | D:5      | Reached skill level 7 in Spellcasting
  4550 | D:5      | Reached XP level 8. HP: 44/45 MP: 16/20
  5235 | D:6      | Reached skill level 5 in Dodging
  5385 | D:6      | Reached skill level 8 in Spellcasting
  5908 | D:6      | Found a basalt altar of Yredelemnul.
  5917 | D:6      | Found a glowing golden altar of the Shining One.
  6088 | D:6      | Learned a level 3 spell: Stone Arrow
  6235 | D:6      | Reached skill level 5 in Stealth
  6526 | D:6      | Found a stormy altar of Qazlal.
  6534 | D:6      | Reached * piety under Ashenzari
  6586 | D:7      | Reached XP level 9. HP: 50/51 MP: 16/23
  6796 | D:7      | Reached skill level 1 in Earth Magic
  6895 | D:7      | Found a staircase to the Ecumenical Temple.
  6904 | Temple   | Entered the Ecumenical Temple
  7105 | D:7      | Reached skill level 9 in Spellcasting
  7362 | D:8      | Noticed Erica
  7380 | D:8      | Killed Erica
  7964 | D:8      | Reached skill level 10 in Spellcasting
  7964 | D:8      | Reached XP level 10. HP: 19/56 MP: 17/26
  8501 | D:8      | Found a burning altar of Makhleb.
  8742 | D:9      | Found a radiant altar of Vehumet.
  8744 | D:9      | Identified Vehumet's Volume of Confrontation
  8765 | D:9      | Found an ancient bone altar of Kikubaaqudgha.
  9123 | D:9      | Found a deep blue altar of Sif Muna.
  9322 | D:9      | Found a staircase to the Orcish Mines.
  9706 | D:10     | Entered Level 10 of the Dungeon
  9803 | D:10     | Slain by a troll

Skill      XL: |  1  2  3  4  5  6  7  8  9 10 |
---------------+-------------------------------+-----
Spellcasting   | 4 5 6 7 8 10 | 10.5
Conjurations   | 5 6 7 8 9 |  9.7
Fighting       | 1 2 3 4 |  4.4
Dodging        | 3 4 5 6 |  6.9
Short Blades   | 1 2 3 4 |  4.6
Stealth        | 3 5 6 |  6.6
Earth Magic    | 2 3 |  3.5

Action                   |  1- 3 |  4- 6 |  7- 9 | 10-12 || total
-------------------------+-------+-------+-------+-------++-------
Melee: Unarmed           |    11 |       |       |       ||    11
       Rapier            |       |     4 |   120 |    57 ||   181
 Cast: Magic Dart        |    98 |    65 |   199 |   105 ||   467
       Iskenderun's Myst |       |     2 |    16 |     9 ||    27
       Stone Arrow       |       |       |    24 |    14 ||    38
       Searing Ray       |       |       |       |     1 ||     1
Invok: Curse Item        |       |     1 |     1 |     2 ||     4
  Use: Scroll            |     3 |     9 |     3 |     2 ||    17
 Stab: Sleeping          |       |       |     8 |     1 ||     9
  Eat: Ration            |     2 |     2 |     5 |       ||     9
Armor: Robe              |     1 |     2 |     8 |       ||    11
       Skin              |       |       |     2 |     4 ||     6
Dodge: Dodged            |    15 |     9 |    69 |    46 ||   139
